Map: Abyssal Reef LE

Players

Bung - Winner!

  • Race: Protoss Protoss
  • Spawn Location: 11:00

Yata

  • Race: Zerg Zerg
  • Spawn Location: 5:00

VOD

Have the link to the VOD?

Description

Time

  • Played on: July 6, 2017, 9:13 p.m.
  • Length: 22:52
Show
View Real Time Build Order
Export as new Build Order

Bung Protoss - Winner!

Build Orders:  

Get SALT Encoding   

  12  0:03  Probe (Chrono Boost)  
  13  0:20  Assimilator  
  13  0:26  Assimilator  
  13  0:35  Probe (Chrono Boost)  
  14  0:45  Probe (Chrono Boost)  
  15  0:55  Pylon  
  15  1:13  Probe (Chrono Boost)  
  16  1:23  Probe (Chrono Boost)  
  17  1:32  Gateway  
  17  1:39  Forge  
  17  1:55  Pylon  
  17  2:00  Probe (Chrono Boost)  
  18  2:10  Probe (Chrono Boost)  
  19  2:21  Protoss Ground Weapons Level 1, Probe (Chrono Boost)  
  19  2:22  Zealot  
  22  2:31  Probe (Chrono Boost)  
  23  2:42  Probe (Chrono Boost)  
  24  2:49  Zealot  
  26  3:02  Probe (Chrono Boost)  
  26  3:05  Nexus  
  27  3:12  Probe (Chrono Boost)  
  28  3:16  Zealot  
  30  3:21  Pylon  
  30  3:43  Zealot  
  32  4:06  Pylon  
  32  4:10  Zealot  
  32  4:13  Cybernetics Core  
  34  4:21  Probe (Chrono Boost)  
  35  4:31  Probe (Chrono Boost)  
  35  4:37  Gateway  
  36  4:38  Zealot  
  36  4:42  Probe (Chrono Boost)  
  39  4:52  Probe (Chrono Boost)  
  40  4:53  Warp Gate  
  40  5:02  Probe (Chrono Boost)  
  40  5:05  Zealot (Chrono Boost)  
  43  5:18  Protoss Ground Armor Level 1  
  45  5:30  Zealot (Chrono Boost), Stalker (Chrono Boost)  
  47  5:45  Assimilator  
  47  5:52  Assimilator  
  47  5:53  Zealot (Chrono Boost)  
  51  5:58  Probe  
  51  6:00  Stalker (Chrono Boost)  
  52  6:08  Probe  
  53  6:17  Zealot (Chrono Boost)  
  55  6:19  Probe  
  56  6:29  Probe  
  56  6:30  Stalker (Chrono Boost)  
  59  6:40  Probe  
  59  6:41  Zealot (Chrono Boost)  
  62  6:47  Protoss Air Armor Level 1  
  62  6:57  Pylon  
  62  7:01  Pylon  
  62  7:12  Protoss Shields Level 1  
  62  7:14  Probe  
  62  7:15  Pylon  
  67  7:16  Zealot (Chrono Boost)  
  67  7:20  Stalker (Chrono Boost)  
  67  7:21  Pylon  
  67  7:24  Probe  
  68  7:30  Probe  
  68  7:35  Probe  
  70  7:39  Zealot (Chrono Boost)  
  70  7:42  Probe  
  73  7:45  Probe  
  73  7:50  Stalker (Chrono Boost)  
  76  7:54  Probe  
  76  7:56  Probe  
  78  8:03  Zealot (Chrono Boost)  
  80  8:06  Gateway, Probe x2  
  82  8:18  Photon Cannon, Probe  
  82  8:19  Stalker (Chrono Boost)  
  85  8:28  Photon Cannon  
  85  8:36  Twilight Council  
  85  8:41  Protoss Air Weapons Level 1  
  87  8:49  Stalker (Chrono Boost)  
  87  8:52  Stargate  
  87  9:01  Gateway  
  87  9:07  Adept (Chrono Boost)  
  89  9:12  Probe  
  90  9:21  Probe  
  90  9:22  Probe  
  94  9:35  Adept (Chrono Boost)  
  94  9:43  Nexus  
  94  9:54  Pylon  
  94  9:59  Pylon  
  94  10:03  Assimilator  
  94  10:07  Assimilator  
  94  10:10  Probe  
  94  10:12  Probe  
  98  10:16  Adept (Chrono Boost)  
  98  10:21  Probe  
  98  10:24  Probe  
  100  10:31  Probe  
  101  10:36  Probe  
  101  10:42  Probe  
  104  10:43  Adept (Chrono Boost)  
  104  10:45  Nexus  
  104  10:48  Probe  
  106  10:53  Probe  
  106  10:54  Assimilator  
  107  11:01  Mothership Core  
  109  11:10  Adept (Chrono Boost)  
  111  11:13  Assimilator  
  111  11:17  Charge  
  111  11:25  Sentry (Chrono Boost)  
  110  11:35  Zealot (Chrono Boost)  
  110  11:39  Void Ray  
  103  11:51  Sentry (Chrono Boost)  
  105  11:56  Probe  
  105  11:59  Zealot (Chrono Boost), Probe  
  109  12:07  Probe  
  109  12:09  Probe  
  113  12:17  Probe  
  113  12:18  Sentry (Chrono Boost)  
  113  12:20  Probe  
  113  12:22  Zealot (Chrono Boost), Void Ray  
  121  12:28  Probe  
  122  12:30  Probe  
  123  12:38  Protoss Ground Weapons Level 2, Probe  
  123  12:41  Probe  
  127  12:44  Sentry (Chrono Boost)  
  127  12:46  Zealot (Chrono Boost)  
  129  13:04  Void Ray  
  133  13:09  Zealot (Chrono Boost)  
  133  13:10  Sentry (Chrono Boost)  
  137  13:20  Pylon  
  137  13:33  Pylon, Zealot (Chrono Boost)  
  139  13:40  Pylon  
  139  13:44  Probe  
  139  13:47  Void Ray  
  144  13:54  Probe  
  144  13:56  Zealot (Chrono Boost)  
  147  14:05  Probe  
  147  14:08  Photon Cannon  
  148  14:15  Probe  
  148  14:16  Photon Cannon  
  148  14:21  Photon Cannon  
  149  14:26  Probe  
  149  14:28  Photon Cannon  
  149  14:30  Void Ray  
  154  14:31  Photon Cannon  
  154  14:35  Photon Cannon  
  154  14:37  Probe  
  155  14:48  Probe  
  156  14:54  Protoss Ground Armor Level 2, Zealot (Chrono Boost)  
  156  14:58  Probe  
  160  15:01  Blink  
  160  15:02  Stalker (Chrono Boost)  
  161  15:09  Probe  
  162  15:15  Pylon  
  162  15:18  Zealot (Chrono Boost)  
  164  15:21  Photon Cannon  
  164  15:22  Probe  
  164  15:23  Oracle  
  156  15:32  Stalker (Chrono Boost)  
  156  15:42  Zealot (Chrono Boost)  
  158  15:50  Photon Cannon  
  158  15:58  Oracle  
  158  16:00  Photon Cannon  
  158  16:02  Stalker (Chrono Boost)  
  163  16:05  Zealot (Chrono Boost)  
  165  16:17  Pylon  
  165  16:26  Pylon  
  165  16:29  Zealot (Chrono Boost)  
  165  16:32  Stalker (Chrono Boost)  
  169  16:34  Oracle  
  172  16:42  Photon Cannon  
  172  16:54  Probe  
  172  16:57  Photon Cannon  
  175  17:01  Stalker (Chrono Boost)  
  175  17:02  Resonating Glaives, Photon Cannon  
  175  17:05  Probe  
  176  17:09  Protoss Shields Level 2  
  176  17:10  Oracle  
  179  17:15  Probe  
  180  18:03  Adept (Chrono Boost)  
  180  18:04  Zealot (Chrono Boost)  
  184  18:25  Probe  
  186  18:30  Adept (Chrono Boost)  
  187  18:36  Probe  
  187  18:39  Fleet Beacon  
  187  18:40  Gateway  
  188  18:47  Robotics Facility  
  188  18:57  Pylon  
  188  19:04  Pylon  
  188  19:05  Pylon  
  188  19:08  Pylon  
  188  19:14  Probe  
  188  19:16  Zealot (Chrono Boost)  
  193  19:19  Adept (Chrono Boost)  
  193  19:21  Pylon  
  193  19:24  Probe  
  193  19:26  Protoss Ground Armor Level 3  
  193  19:31  Anion Pulse-Crystals, Robotics Facility  
  196  19:39  Zealot (Chrono Boost), Stalker (Chrono Boost)  
  200  19:46  Adept (Chrono Boost)  
  200  19:50  Protoss Air Armor Level 2  
  200  20:35  Graviton Catapult  
Show
View Real Time Build Order
Export as new Build Order

Yata Zerg 

Build Orders: Hatch First 

Get SALT Encoding   

  12  0:11  Drone x2  
  14  0:26  Overlord  
  14  1:05  Drone x3  
  17  1:14  Extractor  
  16  1:25  Hatchery  
  15  1:44  Drone x2  
  17  2:12  Spawning Pool  
  17  2:15  Drone  
  17  2:28  Drone  
  18  2:40  Drone  
  19  3:03  Zergling x4  
  19  3:04  Zergling x2  
  22  3:39  Drone x3  
  25  3:45  Drone  
  25  3:46  Drone x2  
  28  4:12  Roach Warren  
  27  4:27  Drone  
  27  4:29  Overlord  
  28  4:48  Drone  
  29  5:11  Drone  
  29  5:12  Drone x2  
  32  5:29  Roach x2  
  32  5:34  Overlord  
  36  5:46  Overlord  
  36  5:52  Drone  
  36  5:53  Drone  
  38  6:03  Roach x3  
  44  6:17  Zergling x4  
  46  6:35  Roach x2  
  50  6:50  Drone x2  
  52  7:00  Extractor  
  51  7:07  Zergling x2  
  52  7:09  Overlord  
  52  7:29  Baneling Nest  
  51  8:02  Zergling x6  
  54  8:21  Spawning Pool  
  54  8:23  Roach  
  54  8:24  Roach x2  
  59  8:58  Hatchery  
  58  9:04  Roach  
  60  9:35  Overlord  
  60  9:36  Overlord x2  
  60  10:09  Drone  
  60  10:10  Drone x2  
  63  10:32  Drone x3  
  66  10:45  Zergling x6, Extractor  
  68  11:06  Drone x3  
  50  11:48  Zergling x6  
  49  11:56  Baneling x5  
  49  12:04  Zergling x6  
  52  12:45  Spine Crawler  
  51  12:56  Roach x3  
  57  13:09  Zergling x6  
  60  13:25  Zergling x2  
  60  13:26  Zergling x2  
  62  13:56  Roach  
  62  13:57  Roach x2  
  68  14:30  Baneling  
  68  14:31  Baneling x26  
  68  14:43  Roach  
  68  14:44  Roach x2  
  74  15:15  Spine Crawler  
  47  15:42  Zergling x2  
  48  15:43  Zergling x4  
  50  15:56  Lair  
  50  16:16  Hatchery  
  50  16:47  Roach x3  
  54  17:48  Queen  
  56  18:23  Pneumatized Carapace  
  56  18:37  Hydralisk Den  
  55  18:46  Hydralisk Den  
  54  19:01  Extractor  
  53  19:05  Drone  
  53  19:06  Drone x2  
  56  19:14  Hydralisk x3  
  62  19:54  Zergling x2  
  62  19:55  Zergling x4  
  65  20:00  Roach x3  
  65  20:03  Overlord x2  
  65  20:05  Hydralisk  
  73  20:16  Drone  
  74  20:23  Drone x3  
  59  21:06  Roach  
  59  21:07  Roach x2  
  59  21:09  Zergling x6  
  34  21:56  Hydralisk  
  34  21:57  Hydralisk x2  
  34  22:21  Spawning Pool  
Tags
 
Matchup
PvZ
Replay Pack
Pack 1
Spawn Locations
Cross Positions
Add a new tag
Caveats
  • Supply blocks, unpowered buildings, or Contaminate may cause inaccurate times.
  • Supply counts are checked every 10 seconds.